SNL (28 & UNDER)
MONTGOMERY BISCUITS @ KEY WEST BARRACUDAS
08/31/2024
 
TOP OF THE 1ST
Montgomery Biscuits batting - Pitching for Key West Barracudas : RHP Cade Baird
Pitching: RHP Cade Baird
Batting: RHB Juan Díaz 0-0: Called Strike
0-1: Ball
1-1: Foul Ball, location: 2F
1-2: Fly out, F9 (Popup, 4D)
Batting: LHB Curt Causton 0-0: Ground out 4-3 (Groundball, 4)
Batting: RHB Yujiro Kurihara 0-0: Foul Ball, location: 2F
0-1: Ball
1-1: Foul Ball, location: 2F
1-2: Ball
2-2: Ball
3-2: SINGLE (Groundball, 4M)
Batting: LHB José Martínez 0-0: Ball
1-0: Ball
2-0: Ball
3-0: Called Strike
3-1: Base on Balls
Yujiro Kurihara to second
Batting: RHB Dave Dawson 0-0: Ball
1-0: Called Strike
1-1: Ball
2-1: Called Strike
2-2: Ball
3-2: Strikes out swinging
Top of the 1st over - 0 run(s), 1 hit(s), 0 error(s), 2 left on base; Montgomery 0 - Key West 0
BOTTOM OF THE 1ST
Key West Barracudas batting - Pitching for Montgomery Biscuits : LHP Jorge Estrada
Pitching: LHP Jorge Estrada
Batting: RHB Victor Baker 0-0: Ball
1-0: Ball
2-0: Reached on error, E5 (Groundball, 56)
Batting: RHB Zander Tremblett 0-0: Ball
1-0: SINGLE (Groundball, 4MD)
Victor Baker to second
Runner from 2nd tries for 3rd, SAFE, no throw or cutoff
Batting: RHB Kenny Cole 0-0: Ball
1-0: Ball
2-0: DOUBLE (Line Drive, 8LS)
Victor Baker scores
Zander Tremblett to third
Batting: LHB Arturo López 0-0: Ball
1-0: Fly out, F9 (Flyball, 9S)
Batting: RHB Luther Stoffels 0-0: Ball
1-0: Reached on error, E6 (Groundball, 6M)
Zander Tremblett scores
Kenny Cole scores
Batting: LHB Motoki Hirata 0-0: Ball
1-0: Ground out 1-3 (Groundball, 13)
Luther Stoffels to third
Batting: RHB Carlos Miranda 0-0: Called Strike
0-1: SINGLE (Groundball, 4D)
Luther Stoffels scores
Batting: SHB Héctor Jiménez 0-0: SINGLE (Groundball, 13) (infield hit)
Carlos Miranda to second
Batting: SHB Rodney Birling 0-0: Ball
1-0: Foul Ball, location: 2F
1-1: Swinging Strike
1-2: Foul Ball, location: 2F
1-2: Foul Ball, location: 2F
1-2: Ball
2-2: Fielders Choice at 2nd, 6-4 (Groundball, 6)
Bottom of the 1st over - 4 run(s), 4 hit(s), 2 error(s), 1 left on base; Montgomery 0 - Key West 4
TOP OF THE 2ND
Montgomery Biscuits batting - Pitching for Key West Barracudas : RHP Cade Baird
Batting: LHB Brian MacIntosh 0-0: Swinging Strike
0-1: Swinging Strike
0-2: Strikes out swinging
Batting: RHB Carlos Vásquez 0-0: Called Strike
0-1: Ball
1-1: Called Strike
1-2: Strikes out swinging
Batting: RHB Pete Smith 0-0: Foul Ball, location: 2F
0-1: Ball
1-1: Swinging Strike
1-2: Foul Ball, location: 2F
1-2: Ball
2-2: Strikes out swinging
Top of the 2nd over - 0 run(s), 0 hit(s), 0 error(s), 0 left on base; Montgomery 0 - Key West 4
BOTTOM OF THE 2ND
Key West Barracudas batting - Pitching for Montgomery Biscuits : LHP Jorge Estrada
Batting: RHB Victor Baker 0-0: Ball
1-0: Foul Ball, location: 2F
1-1: Foul Ball, location: 2F
1-2: Foul Ball, location: 2F
1-2: Ball
2-2: Strikes out swinging
Batting: RHB Zander Tremblett 0-0: Ball
1-0: Ball
2-0: Ball
3-0: Called Strike
3-1: Base on Balls
Batting: RHB Kenny Cole 0-0: Called Strike
0-1: Ball
1-1: DOUBLE (Line Drive, 5D)
Zander Tremblett to third
Pinch Runner at 2nd Frederick Chamberlain:
Batting: LHB Arturo López 0-0: Called Strike
0-1: Ball
1-1: Swinging Strike
1-2: SINGLE (Groundball, 34)
Zander Tremblett scores
Frederick Chamberlain to third
Runner from 3rd tries for Home, SAFE, no throw or cutoff
Batting: RHB Luther Stoffels 0-0: Ball
1-0: Ball
2-0: Ball
3-0: Base on Balls
Arturo López to second
Batting: LHB Motoki Hirata 0-0: DOUBLE (Flyball, 7D)
Arturo López scores
Luther Stoffels to third
Batting: RHB Carlos Miranda 0-0: Foul Ball, location: 2F
0-1: Ground out 5-3 (Groundball, 5S)
Batting: SHB Héctor Jiménez 0-0: Called Strike
0-1: Called Strike
0-2: Strikes out swinging
Bottom of the 2nd over - 3 run(s), 3 hit(s), 0 error(s), 2 left on base; Montgomery 0 - Key West 7
TOP OF THE 3RD
Montgomery Biscuits batting - Pitching for Key West Barracudas : RHP Cade Baird
Batting: RHB Peyton Yardley 0-0: Called Strike
0-1: Ball
1-1: Foul Ball, location: 2F
1-2: Strikes out swinging
Batting: RHB Juan Díaz 0-0: Swinging Strike
0-1: Swinging Strike
0-2: Ball
1-2: Strikes out swinging
Batting: LHB Curt Causton 0-0: Fly out, F6 (Popup, 6D)
Top of the 3rd over - 0 run(s), 0 hit(s), 0 error(s), 0 left on base; Montgomery 0 - Key West 7
BOTTOM OF THE 3RD
Key West Barracudas batting - Pitching for Montgomery Biscuits : LHP Jorge Estrada
Batting: SHB Rodney Birling 0-0: Ball
1-0: Ball
2-0: Fly out, F8 (Flyball, 8RM)
Batting: RHB Victor Baker 0-0: Foul Ball, location: 2F
0-1: Called Strike
0-2: Ball
1-2: Foul Ball, location: 2F
1-2: Strikes out swinging
Batting: RHB Zander Tremblett 0-0: Foul Ball, location: 2F
0-1: SOLO HOME RUN (Line Drive, 89XD), Distance : 399 ft
Batting: RHB Frederick Chamberlain 0-0: Called Strike
0-1: Called Strike
0-2: Ball
1-2: Foul Ball, location: 2F
1-2: Strikes out swinging
Bottom of the 3rd over - 1 run(s), 1 hit(s), 0 error(s), 0 left on base; Montgomery 0 - Key West 8
TOP OF THE 4TH
Montgomery Biscuits batting - Pitching for Key West Barracudas : RHP Cade Baird
Batting: RHB Yujiro Kurihara 0-0: Fly out, F8 (Flyball, 8RXD)
Batting: LHB José Martínez 0-0: DOUBLE (Groundball, 5L)
Batting: RHB Dave Dawson 0-0: Foul Ball, location: 2F
0-1: Foul Ball, location: 2F
0-2: SINGLE (Groundball, 34D)
José Martínez to third
Runner from 3rd tries for Home, SAFE, throw made home
Dave Dawson to second
Batting: LHB Brian MacIntosh 0-0: Ball
1-0: Called Strike
1-1: Ground out 4-3 (Groundball, 4MS)
Dave Dawson to third
Batting: RHB Carlos Vásquez 0-0: Called Strike
0-1: Fly out, F8 (Flyball, 8LD)
Top of the 4th over - 1 run(s), 2 hit(s), 0 error(s), 1 left on base; Montgomery 1 - Key West 8
BOTTOM OF THE 4TH
Key West Barracudas batting - Pitching for Montgomery Biscuits : LHP Jorge Estrada
Pitching: RHP Jorge Villalobos
Batting: LHB Arturo López 0-0: Foul Ball, location: 2F
0-1: Ball
1-1: Ground out U3 (Groundball, 3L)
Batting: RHB Luther Stoffels 0-0: DOUBLE (Groundball, 3L)
Batting: LHB Motoki Hirata 0-0: Foul Ball, location: 2F
0-1: Ball
1-1: Ball
2-1: Foul Ball, location: 2F
2-2: Ball
3-2: Strikes out swinging
Batting: RHB Carlos Miranda 0-0: SINGLE (Groundball, 34D)
Luther Stoffels to third
Runner from 3rd tries for Home, SAFE, no throw or cutoff
Batting: SHB Héctor Jiménez 0-0: Ball
1-0: Ball
2-0: Ball
3-0: Called Strike
3-1: Base on Balls
Carlos Miranda to second
Batting: SHB Rodney Birling 0-0: Called Strike
0-1: Called Strike
0-2: Ball
1-2: Strikes out swinging
Bottom of the 4th over - 1 run(s), 2 hit(s), 0 error(s), 2 left on base; Montgomery 1 - Key West 9
TOP OF THE 5TH
Montgomery Biscuits batting - Pitching for Key West Barracudas : RHP Cade Baird
Batting: RHB Pete Smith 0-0: Ball
1-0: Swinging Strike
1-1: Ball
2-1: Ground out 5-3 (Groundball, 56)
Batting: RHB Peyton Yardley 0-0: Ball
1-0: Ball
2-0: Ball
3-0: Called Strike
3-1: Ground out 6-3 (Groundball, 6M)
Batting: RHB Juan Díaz 0-0: Ball
1-0: Ball
2-0: Ball
3-0: Called Strike
3-1: Called Strike
3-2: Strikes out swinging
Top of the 5th over - 0 run(s), 0 hit(s), 0 error(s), 0 left on base; Montgomery 1 - Key West 9
BOTTOM OF THE 5TH
Key West Barracudas batting - Pitching for Montgomery Biscuits : RHP Jorge Villalobos
Batting: RHB Victor Baker 0-0: Called Strike
0-1: Foul Ball, location: 2F
0-2: Strikes out swinging
Batting: RHB Zander Tremblett 0-0: Called Strike
0-1: Foul Ball, location: 2F
0-2: Strikes out swinging
Batting: RHB Frederick Chamberlain 0-0: SINGLE (Line Drive, 89M)
Batting: LHB Arturo López 0-0: Called Strike
0-1: Fly out, F9 (Flyball, 9M)
Bottom of the 5th over - 0 run(s), 1 hit(s), 0 error(s), 1 left on base; Montgomery 1 - Key West 9
TOP OF THE 6TH
Montgomery Biscuits batting - Pitching for Key West Barracudas : RHP Cade Baird
Batting: LHB Curt Causton 0-0: Ball
1-0: Fly out, F8 (Flyball, 8LM)
Batting: RHB Yujiro Kurihara 0-0: Called Strike
0-1: Foul Ball, location: 2F
0-2: Foul Ball, location: 2F
0-2: Ball
1-2: Ground out 4-3 (Groundball, 4)
Batting: LHB José Martínez 0-0: Swinging Strike
0-1: Ball
1-1: Called Strike
1-2: Ball
2-2: Foul Ball, location: 2F
2-2: Foul Ball, location: 2F
2-2: Strikes out swinging
Top of the 6th over - 0 run(s), 0 hit(s), 0 error(s), 0 left on base; Montgomery 1 - Key West 9
BOTTOM OF THE 6TH
Key West Barracudas batting - Pitching for Montgomery Biscuits : RHP Jorge Villalobos
Batting: RHB Luther Stoffels 0-0: Called Strike
0-1: Ball
1-1: Ball
2-1: Foul Ball, location: 2F
2-2: Ball
3-2: SOLO HOME RUN (Line Drive, 7D), Distance : 417 ft
Batting: LHB Motoki Hirata 0-0: Ground out 4-3 (Groundball, 4M)
Batting: RHB Carlos Miranda 0-0: Ball
1-0: Ground out 4-3 (Groundball, 34)
Batting: SHB Héctor Jiménez 0-0: Called Strike
0-1: Ball
1-1: Foul Ball, location: 2F
1-2: Ball
2-2: Strikes out swinging
Bottom of the 6th over - 1 run(s), 1 hit(s), 0 error(s), 0 left on base; Montgomery 1 - Key West 10
TOP OF THE 7TH
Montgomery Biscuits batting - Pitching for Key West Barracudas : RHP Cade Baird
Batting: RHB Dave Dawson 0-0: Called Strike
0-1: Called Strike
0-2: Strikes out swinging
Batting: LHB Brian MacIntosh 0-0: Ball
1-0: Swinging Strike
1-1: Ground out 5-3 (Groundball, 5S)
Batting: RHB Carlos Vásquez 0-0: Foul Ball, location: 2F
0-1: Ball
1-1: Called Strike
1-2: Foul Ball, location: 2F
1-2: Ball
2-2: Ball
3-2: Strikes out swinging
Top of the 7th over - 0 run(s), 0 hit(s), 0 error(s), 0 left on base; Montgomery 1 - Key West 10
BOTTOM OF THE 7TH
Key West Barracudas batting - Pitching for Montgomery Biscuits : RHP Jorge Villalobos
Pitching: LHP Tony García
Batting: SHB Rodney Birling 0-0: Swinging Strike
0-1: Called Strike
0-2: Ball
1-2: Strikes out looking
Batting: RHB Victor Baker 0-0: Ball
1-0: Foul Ball, location: 2F
1-1: Swinging Strike
1-2: Foul Ball, location: 2F
1-2: Ball
2-2: Strikes out swinging
Batting: RHB Zander Tremblett 0-0: Called Strike
0-1: Called Strike
0-2: Ball
1-2: Strikes out swinging
Bottom of the 7th over - 0 run(s), 0 hit(s), 0 error(s), 0 left on base; Montgomery 1 - Key West 10
TOP OF THE 8TH
Montgomery Biscuits batting - Pitching for Key West Barracudas : RHP Cade Baird
Pitching: LHP José Morán
Now at 2B: Richard Sanders
Batting: RHB Pete Smith 0-0: Foul Ball, location: 2F
0-1: Swinging Strike
0-2: Strikes out looking
Batting: RHB Peyton Yardley 0-0: Called Strike
0-1: Ground out 6-3 (Groundball, 6S)
Batting: RHB Juan Díaz 0-0: Ball
1-0: Swinging Strike
1-1: Foul Ball, location: 2F
1-2: Fly out, F9 (Flyball, 9M)
Top of the 8th over - 0 run(s), 0 hit(s), 0 error(s), 0 left on base; Montgomery 1 - Key West 10
BOTTOM OF THE 8TH
Key West Barracudas batting - Pitching for Montgomery Biscuits : LHP Tony García
Batting: RHB Frederick Chamberlain 0-0: Ball
1-0: Swinging Strike
1-1: Ball
2-1: Ball
3-1: Base on Balls
Pinch Hitting: LHB Domingo Ledesma 0-0: Fly out, F8 (Flyball, 89XD)
Batting: RHB Luther Stoffels 0-0: Ball
1-0: SINGLE (Line Drive, 4D)
Frederick Chamberlain to second
Runner from 2nd tries for 3rd, SAFE, no throw or cutoff
Batting: LHB Motoki Hirata 0-0: Called Strike
0-1: Ball
1-1: Called Strike
1-2: Foul Ball, location: 2F
1-2: Ball
2-2: Foul Ball, location: 2F
2-2: Ball
3-2: Strikes out looking
Luther Stoffels steals 2nd base
Batter strikes out.
Batting: RHB Carlos Miranda 0-0: Foul Ball, location: 2F
0-1: Swinging Strike
0-2: Ball
1-2: Strikes out swinging
Bottom of the 8th over - 0 run(s), 1 hit(s), 0 error(s), 2 left on base; Montgomery 1 - Key West 10
TOP OF THE 9TH
Montgomery Biscuits batting - Pitching for Key West Barracudas : LHP José Morán
Now at 1B: Jake Wells
Batting: LHB Curt Causton 0-0: Called Strike
0-1: Foul Ball, location: 2F
0-2: Ball
1-2: Strikes out swinging
Pinch Hitting: RHB Warren Martin 0-0: Ball
1-0: Ball
2-0: Foul Ball, location: 2F
2-1: Fly out, F7 (Line Drive, 7S)
Batting: LHB José Martínez 0-0: Swinging Strike
0-1: Ball
1-1: Swinging Strike
1-2: Ground out 3-1 (Groundball, 3)
Top of the 9th over - 0 run(s), 0 hit(s), 0 error(s), 0 left on base; Montgomery 1 - Key West 10
This league is powered by Out of the Park Baseball, the baseball management simulation game for PC, Mac and Linux
Saturday, April 9th, 2016 - OOTP Baseball 16.8 Build 38